 Dungeon Crawl Stone Soup version 0.30.1-4-g462c640d31 (webtiles) character file.

Game seed: 12969309827028590095

39 lonewolfV2 the Shield-Bearer (level 3, 0/36 HPs)
             Began as a Troll Fighter on Sept 11, 2023.
             Slain by a goblin
             ... wielding a +0 club
              (2 damage)
             ... on level 1 of the Dungeon.
             The game lasted 00:01:18 (743 turns).

lonewolfV2 the Shield-Bearer (Troll Fighter)         Turns: 743, Time: 00:01:19

Health: 0/36       AC:  4    Str: 24    XL:     3   Next: 26%
Magic:  2/2        EV:  6    Int:  4    God:
Gold:   73         SH:  8    Dex: 11    Spells: 2/2 levels left

rFire   . .          .
                       - Unarmed
rCold   . . .        b - +0 kite shield
rNeg    . . .        a - +0 robe
rPois   .            (helmet restricted)
rElec   .            (no cloak)
rCorr   .            (gloves unavailable)
SInv    .            (boots unavailable)
Will    .....        (no amulet)
Stlth   +            (no ring)
HPRegen 1.06/turn    (no ring)
MPRegen 0.08/turn

%: no passive effects
@: grasped by roots, constricted
A: large, unfitting armour, claws 3, regeneration 1, shaggy fur 1, tough skin 1
a: no special abilities


You were on level 1 of the Dungeon.
You visited 1 branch of the dungeon, and saw 2 of its levels.

You collected 73 gold pieces.

Inventory:

Armour
 a - a +0 robe (worn)
 b - a +0 kite shield (worn)
Potions
 c - a potion of might
 e - 2 potions of haste {unknown}
 f - a potion of degeneration {unknown}
 i - a potion of ambrosia {unknown}


   Skills:
 + Level 2.7 Fighting
 + Level 2.9 Dodging
 + Level 3.0 Shields
 + Level 2.3 Unarmed Combat


You had 2 spell levels left.
You didn't know any spells.
Your spell library was empty.

Dungeon Overview and Level Annotations

Branches:
Dungeon (2/15)

Altars:

Annotations:
D:1 Ijyb


Innate Abilities, Weirdness & Mutations

You are too large for most types of armour.
You have claws for hands.
Your natural rate of healing is unusually fast.
You are covered in fur. (AC +1)
You have tough skin. (AC +1)


Message History

The grasping roots release their grip on you.
Unknown command.
You scratch the goblin.
You kill the goblin!
Ijyb barely misses you. You block the goblin's attack.
The goblin hits you with a +0 club.
You closely miss the goblin. Ijyb hits you with a +0 club.
You block the goblin's attack. The goblin hits you with a +0 club. x2
Ijyb hits you with a +0 club.
* * * LOW HITPOINT WARNING * * *
The goblin barely misses you. The goblin closely misses you.
You block the goblin's attack.
You climb upwards.
There is a stone staircase leading down here.
You scratch the goblin.
You kill the goblin!
Ijyb hits you with a +0 club.
* * * LOW HITPOINT WARNING * * *
The goblin hits you with a +0 club.
* * * LOW HITPOINT WARNING * * *
The goblin barely misses you.
You claw Ijyb!
Ijyb is moderately wounded.
You block Ijyb's attack. The goblin hits you but does no damage.
The goblin closely misses you.
You scratch Ijyb.
Ijyb is heavily wounded.
You block Ijyb's attack. The goblin hits you with a +0 club.
* * * LOW HITPOINT WARNING * * *
The goblin hits you with a +0 club.
* * * LOW HITPOINT WARNING * * *
You barely miss Ijyb.
Ijyb is heavily wounded.
Ijyb zaps a wand.
The roots erupt in riotous growth!
The grasping roots grab you!
The goblin is unaffected. x2; Ijyb is unaffected.
The grasping roots constrict you.
* * * LOW HITPOINT WARNING * * *
You block the goblin's attack. The goblin hits you with a +0 club.
You die...

.......#........#####
.......#............########
.....#######........+#.....#
.....#######'##.....##.###.#
....................##.# #.#
.÷..÷...............##.# #.#
.÷.....................# #.#
.(...###'###.#.g.g..######.#
...............g@)..#......#
.....###.###.#.#.####.######
.....# #.#
#.#.#.####.######## .....#
#.# #.................#
.....# #.#
#.#.#.#.....#####.# ###'##
#.# ##..#.#.#.....# #.# #
#.# #.# #....#.#.###.# #.# #
#.# #.####.##.#.#.#.#.# #.#
# #.# #...........#.#.#.#
#.#


You could see Ijyb and 2 goblins.

Vanquished Creatures
  An adder (D:2)
  A ball python (D:1)
  4 bats
  4 endoplasms
  6 goblins
  2 hobgoblins
  A kobold (D:1)
  3 quokkas (D:1)
  3 rats
25 creatures vanquished.

Notes
Turn   | Place    | Note
-------+----------+-------------------------------------------
     0 | D:1      | lonewolfV2 the Troll Fighter began the quest for the Orb.
     0 | D:1      | Reached XP level 1. HP: 22/22 MP: 0/0
   156 | D:1      | Reached XP level 2. HP: 29/29 MP: 1/1
   679 | D:2      | Reached skill level 3 in Shields
   679 | D:2      | Reached XP level 3. HP: 36/36 MP: 2/2
   699 | D:2      | Noticed Ijyb
   743 | D:1      | Slain by a goblin

Illustrated notes

Levels and vault maps discovered:
D:1:      mrwooster_arrival_statue_2, layout_basic
D:2:      kennysheep_the_goblin_king, layout_basic,
          shapermc_ecumenical_altar_gd, serial_bayou_pond_b

Skill      XL: |  1  2 |
---------------+-------+-----
Shields        | 3 |  3.0
Fighting       | |  2.7
Dodging        | |  2.9
Unarmed Combat | |  2.3

Action                     || total
---------------------------++-------
  Melee: Unarmed           ||    58
    Use: Scroll            ||     3
 Armour: Robe              ||    20
  Dodge: Dodged            ||    40
  Block: Kite shield       ||    32
